Cogmind - Beta 12 @@@ ROGUE MODE // 2023.05.22 @ 22:29:54 Player: MoonDog Result: Destroyed by as-21312 with Assembled Focal Cannon Performance ------------- Evolutions (3) 1500 Regions Visited (10) 2000 Robots Destroyed (33) 165 Value Destroyed (987) 987 Prototype IDs (14) 280 Alien Tech Used (0) 0 Bonus (1270) 1270 TOTAL SCORE: 6202 Bonus ------- Met Imprinter 300 Destroyed Z-Imprinter 1000 Friendly Fire -30 Cogmind --------- Core Integrity 0/700 Matter 300/300 Energy 697/700 System Corruption 9% Temperature Cool (7) Movement Walking (110) Location -7/Deep Caves Parts ------- > --- POWER (1) -------- Zionite Light DM Reactor > --- PROPULSION (4) --- Zionite Composite Leg I Zionite Glidesys I > --- UTILITY (6) ------ Zionite Biocell Advanced Visual Processing Unit System Shield > --- WEAPON (2) ------- CR-A16's Pointy Stick > --- INVENTORY (5) ---- Experimental Heat Sink Experimental Sensor Array Transmission Jammer Makeshift ECM Suite Ripper Peak State ------------ > --- POWER ------------ Zionite Light DM Reactor > --- PROPULSION ------- Zionite Composite Leg I Zionite Composite Leg I Zionite Glidesys I Zionite Glidesys I > --- UTILITY ---------- Zionite Biocell Advanced Weight Redist. System Advanced Visual Processing Unit Improved Reaction Control System Phase Shifter System Shield > --- WEAPON ----------- RU-N14's Throwing Claymores CR-A16's Pointy Stick > --- INVENTORY -------- Zionite Light DM Reactor Experimental Heat Sink Experimental Sensor Array Transmission Jammer Makeshift ECM Suite [Rating: 71] Favorites ----------- Power Zionite Light DM Reactor Engine Makeshift Power Source Power Core Light Nuclear Core Reactor Zionite Light DM Reactor Propulsion Cesium-ion Thruster Treads Light Treads Leg Zionite Composite Leg I Wheel Wheel Hover Unit Zionite Glidesys I Flight Unit Cesium-ion Thruster Utility Small Storage Unit Device Advanced Weight Redist. System Storage Small Storage Unit Processor Advanced Visual Processing Unit Hackware System Shield Protection Zionite Weapon Casing Weapon RU-N14's Throwing Claymores Energy Gun Pulse Rifle Energy Cannon EM Pulse Cannon Ballistic Gun Assault Rifle Launcher Grenade Launcher Special Weapon RU-N14's Throwing Claymores Impact Weapon Makeshift Hammer Slashing Weapon Ripper Piercing Weapon CR-A16's Pointy Stick Build | -11 -10 -10 -10 -9 -8 -7 -7 -7 -7 -7 ------- Run | Jun Mat Min Exi Min Mat Fac Low Low Zio Dee Slots Evolved 6 | . . . . . 4 2 . . . . Power . | . . . . . . . . . . . Propulsion 2 | . . . . . 1 1 . . . . Utility 4 | . . . . . 3 1 . . . . Weapon . | . . . . . . . . . . . Parts Attached 88 | 4 6 4 . 3 19 13 4 1 8 26 Power 10 | . . . . 1 1 1 2 1 1 3 Engine 3 | . . . . 1 1 . . . 1 . Core 4 | . . . . . . 1 2 1 . . Reactor 3 | . . . . . . . . . . 3 Propulsion 20 | 3 2 . . . 4 4 . . 1 6 Treads 2 | 2 . . . . . . . . . . Leg 3 | . . . . . . . . . . 3 Wheel 1 | 1 . . . . . . . . . . Hover 3 | . . . . . . . . . . 3 Flight 11 | . 2 . . . 4 4 . . 1 . Utility 26 | . 2 . . 1 8 5 . . 3 7 Device 15 | . 1 . . 1 4 4 . . 2 3 Storage 4 | . 1 . . . 2 . . . . 1 Processor 1 | . . . . . 1 . . . . . Hackware 4 | . . . . . 1 1 . . 1 1 Protection 2 | . . . . . . . . . . 2 Artifact . | . . . . . . . . . . . Weapon 32 | 1 2 4 . 1 6 3 2 . 3 10 Energy Gun 4 | . . . . . 2 . . . . 2 Energy Cannon 1 | . . . . . 1 . . . . . Ballistic Gun 7 | 1 1 2 . . 2 . 1 . . . Ballistic Cannon . | . . . . . . . . . . . Launcher 5 | . 1 2 . 1 1 . . . . . Special Weapon 6 | . . . . . . . . . 2 4 Impact Weapon 3 | . . . . . . 2 1 . . . Slashing Weapon 1 | . . . . . . . . . . 1 Piercing Weapon 5 | . . . . . . 1 . . 1 3 Special Melee Weapon . | . . . . . . . . . . . Unidentified Prototypes 12 | . . . . 1 1 1 . . 1 8 Parts Lost 16 | . . . . . 1 4 . . . 11 Power 3 | . . . . . 1 . . . . 2 Propulsion 9 | . . . . . . 4 . . . 5 Utility 4 | . . . . . . . . . . 4 Weapon . | . . . . . . . . . . . Highest Loss Streak 5 | . . . . . 1 3 . . . 5 To Critical Strikes . | . . . . . . . . . . . Average Slot Usage (%) 82 | . 56 71 71 72 88 84 84 84 91 87 Engine 1 | . . . . 4 9 . . . 5 . Core 1 | . . . . . . 3 7 7 1 . Reactor 1 | . . . . . . . . . . 4 Leg 2 | . . . . . . . . . . 7 Hover 2 | . . . . . . . . . . 6 Flight 18 | . 15 28 28 28 26 24 15 15 22 8 Device 13 | . 6 14 14 15 9 9 15 15 15 15 Storage 9 | . 7 14 14 9 15 13 7 7 7 7 Processor 5 | . . . . . 8 7 7 7 7 7 Hackware 10 | . . . . . 8 14 15 15 15 13 Ballistic Gun 3 | . 13 12 14 10 1 . 2 . . . Special Weapon 2 | . . . . . . . . . 11 2 Impact Weapon 1 | . . . . . . 3 5 7 1 . Slashing Weapon 1 | . . . . . . . . . . 3 Piercing Weapon 2 | . . . . . . 2 7 7 2 5 Naked Turns . | . . . . . . . . . . . Heaviest Build 28 | 2 8 9 8 8 20 16 17 17 28 26 Greatest Support 37 | 3 8 8 8 8 24 21 20 20 28 37 Greatest Overweight (x) 1 | . . 1 . . . . . . . 1 Average Overweight (x) . | . . . . . . . . . . . Largest Inventory Capacity 8 | 5 8 8 8 8 8 8 8 8 8 8 Average Capacity 7 | 5 6 8 8 7 7 8 8 8 8 6 Most Carried 8 | 2 6 8 8 8 8 8 8 8 8 8 Average Carried 6 | 1 4 7 8 7 6 7 8 7 7 6 Final Capacity 8 | 5 8 8 8 5 8 8 8 8 8 5 Final Carried 8 | 2 6 8 8 5 8 8 8 8 8 5 Class Distribution -------------------- 35% | Hacker-Mutant 22% | Mutant 21% | Hacker-Sprinter 11% | Scavenger-Mutant 9% | Sprinter Dominant Class ---------------- Mutant | -10/Materials Mutant | -10/Mines Mutant | -10/Exiles Mutant | -9/Mines Sprinter | -8/Materials Hacker-Sprinter | -7/Factory Hacker-Sprinter | -7/Lower Caves Hacker-Sprinter | -7/Lower Caves Hacker-Mutant | -7/Zion Hacker-Mutant | -7/Deep Caves Resources | -11 -10 -10 -10 -9 -8 -7 -7 -7 -7 -7 ----------- Run | Jun Mat Min Exi Min Mat Fac Low Low Zio Dee Matter Collected 1408 | 252 126 81 . 26 224 213 170 10 58 248 Remotely . | . . . . . . . . . . . Salvage Created 1139 | 93 196 . . 33 1 58 234 74 . 450 Parts 77 | 2 13 . . 6 . 8 5 2 . 41 Haulers Intercepted . | . . . . . . . . . . . Recyclers Shooed 1 | . 1 . . . . . . . . . Parts Field Recycled . | . . . . . . . . . . . Retrieved Matter . | . . . . . . . . . . . Parts Self-Destructed 5 | . . . . . . . 1 4 . . Prevented . | . . . . . . . . . . . Kills | -11 -10 -10 -10 -9 -8 -7 -7 -7 -7 -7 ------- Run | Jun Mat Min Exi Min Mat Fac Low Low Zio Dee Combat Hostiles Destroyed 25 | . 7 . . 4 . 1 . 1 . 12 Melee 3 | . . . . . . . . 1 . 2 Guns 5 | . 4 . . . . 1 . . . . AOE 17 | . 3 . . 4 . . . . . 10 Classes Destroyed 11 | 1 4 . . 1 . 2 1 1 . 1 Worker 2 | . 2 . . . . . . . . . Builder 1 | . . . . 1 . . . . . . Tunneler 1 | . . . . . . 1 . . . . Recycler 1 | 1 . . . . . . . . . . Operator 2 | . 1 . . . 1 . . . . . Watcher 1 | . . . . . . 1 . . . . Swarmer 8 | . 3 . . 4 . 1 . . . . Grunt 4 | . 4 . . . . . . . . . Programmer 1 | . . . . . . . . 1 . . Z-Technician 5 | . . . . . . . . . . 5 Z-Light 11 | . . . . . . . . . . 11 Decomposer 1 | . . . . . . . . 1 . . Samaritan 1 | . . . . . . . 1 . . . Best Kill Streak 8 | 1 8 . . 5 1 2 . 1 . 5 Combat Bots Only 7 | . 7 . . 4 . 1 . 1 . 5 Max Kills in Single Turn 3 | 1 2 . . 3 1 1 1 1 . 3 Gunslinging . | . . . . . . . . . . . Exploded 3 | . 1 . . 2 . . . . . 3 Melee 1 | . . . . . . . . 1 . 1 Uniques/NPCs Destroyed 1 | . . . . . . . . . . 1 Z-Imprinter (-7/Deep Caves) Combat | -11 -10 -10 -10 -9 -8 -7 -7 -7 -7 -7 -------- Run | Jun Mat Min Exi Min Mat Fac Low Low Zio Dee Damage Taken 2679 | . 196 12 . 39 325 372 17 14 17 1687 Core 902 | . 78 . . 9 113 174 17 . 17 494 Absorbed by Shields . | . . . . . . . . . . . Core Remaining (%) 81 | 100 . . . 65 79 . . . . . Volleys Fired 81 | 4 32 4 . 2 7 2 . . 5 25 Largest 2 | 1 1 1 . 1 2 1 . . 1 1 Hottest 126 | 20 30 30 . 30 126 63 . . . . Shots Fired 82 | 4 32 4 . 2 8 2 . . 5 25 Gun 39 | 4 28 . . . 5 2 . . . . Cannon . | . . . . . . . . . . . Launcher 13 | . 4 4 . 2 3 . . . . . Special 30 | . . . . . . . . . 5 25 Kinetic 34 | 4 28 . . . 2 . . . . . Thermal 5 | . . . . . 3 2 . . . . Explosive 43 | . 4 4 . 2 3 . . . 5 25 Electromagnetic . | . . . . . . . . . . . Robot Hit Streak 8 | 1 7 . . . 1 2 . . . 8 Robot Miss Streak 4 | 3 4 . . . 2 . . . . 2 Penetration Max . | . . . . . . . . . . . Secondary Targets . | . . . . . . . . . . . Shots Hit Robots 50 | 1 16 . . . 1 6 5 3 . 18 Core Hits 65 | 1 14 . . 5 1 4 1 2 . 37 Critical Kills . | . . . . . . . . . . . Critical Parts Destroyed . | . . . . . . . . . . . Critical Strikes 1 | . . . . . . . 1 . . . Impale 1 | . . . . . . . 1 . . . Melee Attacks 45 | . . . . . . 12 7 6 5 15 Impact 8 | . . . . . . 5 1 2 . . Slashing 3 | . . . . . . . . . . 3 Piercing 34 | . . . . . . 7 6 4 5 12 Sneak Attacks 11 | . . . . . . 2 2 1 . 6 Combat Hostiles . | . . . . . . . . . . . Follow-up Attacks 2 | . . . . . . . . 1 . 1 Damage Inflicted 5251 | 15 444 . . 167 87 221 312 112 30 3863 Guns 273 | 15 213 . . . 13 32 . . . . Cannons . | . . . . . . . . . . . Explosions 3236 | . 231 . . 167 74 . . . 30 2734 Melee 1152 | . . . . . . 189 312 112 . 539 Ramming . | . . . . . . . . . . . Kinetic 241 | 15 213 . . . 13 . . . . . Thermal 32 | . . . . . . 32 . . . . Explosive 3236 | . 231 . . 167 74 . . . 30 2734 Electromagnetic . | . . . . . . . . . . . Impact . | . . . . . . . . . . . Slashing 634 | . . . . . . . . . . 634 Piercing 1108 | . . . . . . 189 312 112 . 495 Highest Corruption 9 | . . . . . . . . . . 9 Average Corruption 9 | . . . . . . . . . . 9 Corruption Purged . | . . . . . . . . . . . Corruption Blocked . | . . . . . . . . . . . Effects 6 | . . . . . . . . . . 6 Message Errors 3 | . . . . . . . . . . 3 Matter Fused 2 | . . . . . . . . . . 2 Alerts 1 | . . . . . . . . . . 1 Overload Shots . | . . . . . . . . . . . Overflow Damage 525 | . . . . 1 . 31 234 36 . 223 Projectiles 45 | . . . . . . . . . . 45 Explosions 105 | . . . . 1 . . . . . 104 Melee 375 | . . . . . . 31 234 36 . 74 Knockbacks . | . . . . . . . . . . . Impact . | . . . . . . . . . . . Kinetic . | . . . . . . . . . . . Secondary . | . . . . . . . . . . . Self-Inflicted Damage 39 | . . 12 . . 27 . . . . . Shots 2 | . . 1 . . 1 . . . . . Rammed . | . . . . . . . . . . . Targets Rammed . | . . . . . . . . . . . Kicked . | . . . . . . . . . . . Crushed . | . . . . . . . . . . . Highest Temperature 60 | . 17 . . 1 60 8 . . . 4 Average Temperature 13 | . 9 . . 1 22 4 . . . 3 Received Heat Transfer 663 | . 93 . . 6 144 102 . . . 318 Siege Activations . | . . . . . . . . . . . Robots Corrupted . | . . . . . . . . . . . Combat Hostiles . | . . . . . . . . . . . Parts Fried . | . . . . . . . . . . . Impact Corruptions . | . . . . . . . . . . . Robots Melted . | . . . . . . . . . . . Combat Hostiles . | . . . . . . . . . . . Parts Melted . | . . . . . . . . . . . Heat Transferred 74 | . . . . . . 74 . . . . Parts Sabotaged . | . . . . . . . . . . . Parts Stolen . | . . . . . . . . . . . Parts Stripped . | . . . . . . . . . . . Power Chain Reactions . | . . . . . . . . . . . Missiles Intercepted . | . . . . . . . . . . . Alert | -11 -10 -10 -10 -9 -8 -7 -7 -7 -7 -7 ------- Run | Jun Mat Min Exi Min Mat Fac Low Low Zio Dee Peak Influence 446 | 5 358 161 . 113 446 222 . . . . Initial 202 | . 3 139 . . 43 202 . . . . Average 135 | . 188 157 . 29 184 115 . . . . Maximum Alert Level 2 | . 1 . . . 2 1 . . . . Low Security (%) 71 | 100 40 100 . 100 64 66 . . . . Level 1 27 | . 59 . . . 30 33 . . . . Level 2 . | . . . . . 4 . . . . . Level 3 . | . . . . . . . . . . . Level 4 . | . . . . . . . . . . . Level 5 . | . . . . . . . . . . . High Security . | . . . . . . . . . . . Max Security . | . . . . . . . . . . . Squads Dispatched 10 | . 2 . . . 5 3 . . . . Investigation 5 | . 1 . . . 3 1 . . . . Extermination 1 | . . . . . . 1 . . . . Reinforcement 4 | . 1 . . . 2 1 . . . . Assault . | . . . . . . . . . . . Garrison . | . . . . . . . . . . . Intercept . | . . . . . . . . . . . Searches Triggered . | . . . . . . . . . . . Construction Impeded . | . . . . . . . . . . . Haulers Reinforced . | . . . . . . . . . . . Active Scanning Responses . | . . . . . . . . . . . Cargo Convoy Interrupts . | . . . . . . . . . . . Stealth | -11 -10 -10 -10 -9 -8 -7 -7 -7 -7 -7 --------- Run | Jun Mat Min Exi Min Mat Fac Low Low Zio Dee Distress Signals 3 | . 2 . . . 1 . . . . . Communications Jammed . | . . . . . . . . . . . Distress Signals . | . . . . . . . . . . . Times Spotted 85 | . 20 . . 6 28 14 5 1 1 10 Peak Tracking Total 13 | . 6 . . 4 13 6 4 1 1 4 Tactical Retreats 14 | . 3 . . . 5 5 1 . . . Traps | -11 -10 -10 -10 -9 -8 -7 -7 -7 -7 -7 ------- Run | Jun Mat Min Exi Min Mat Fac Low Low Zio Dee Traps Triggered 1 | . . . . . . 1 . . . . Indirectly . | . . . . . . . . . . . Trap Hack Attempts . | . . . . . . . . . . . Triggered . | . . . . . . . . . . . Disarmed . | . . . . . . . . . . . Reprogrammed . | . . . . . . . . . . . Reused . | . . . . . . . . . . . Traps Extracted . | . . . . . . . . . . . Installed . | . . . . . . . . . . . Triggered . | . . . . . . . . . . . Machines | -11 -10 -10 -10 -9 -8 -7 -7 -7 -7 -7 ---------- Run | Jun Mat Min Exi Min Mat Fac Low Low Zio Dee Machines Disabled 7 | . 1 . . . 3 . . . 3 . Max in Single Turn 2 | . 1 . . . 2 . . . 1 . Garrison Access 1 | . . . . . 1 . . . . . Machines Repaired . | . . . . . . . . . . . Machines Sabotaged . | . . . . . . . . . . . Overloaded Fab Kills . | . . . . . . . . . . . Hacking | -11 -10 -10 -10 -9 -8 -7 -7 -7 -7 -7 --------- Run | Jun Mat Min Exi Min Mat Fac Low Low Zio Dee Machines Accessed 13 | . 2 . . . 6 5 . . . . Terminals 8 | . 2 . . . 4 2 . . . . Fabricators 2 | . . . . . . 2 . . . . Repair Stations . | . . . . . . . . . . . Recycling Units . | . . . . . . . . . . . Scanalyzers 2 | . . . . . 1 1 . . . . Garrison Access 1 | . . . . . 1 . . . . . Total Hacks 42 | . 6 . . . 22 14 . . . . Successful 22 | . 3 . . . 11 8 . . . . Failed 20 | . 3 . . . 11 6 . . . . Catastrophic 4 | . 1 . . . 2 1 . . . . Database Lockouts . | . . . . . . . . . . . Manual 23 | . 6 . . . 14 3 . . . . Terminals 32 | . 6 . . . 18 8 . . . . Fabricators 3 | . . . . . . 3 . . . . Repair Stations . | . . . . . . . . . . . Recycling Units . | . . . . . . . . . . . Scanalyzers 6 | . . . . . 3 3 . . . . Garrison Access 1 | . . . . . 1 . . . . . Terminal Hacks 6 | . . . . . 3 3 . . . . Prototype ID Bank 1 | . . . . . 1 . . . . . Branch Access Points 1 | . . . . . . 1 . . . . Alert Level 1 | . . . . . 1 . . . . . Unreport Threat 3 | . . . . . 1 2 . . . . Fabricator Hacks 3 | . . . . . . 3 . . . . Load Schematic 1 | . . . . . . 1 . . . . Build 2 | . . . . . . 2 . . . . Repair Station Hacks . | . . . . . . . . . . . Recycling Unit Hacks . | . . . . . . . . . . . Scanalyzer 4 | . . . . . 2 2 . . . . Insert Component 2 | . . . . . 1 1 . . . . Analyze 2 | . . . . . 1 1 . . . . Garrison Access Hacks 1 | . . . . . 1 . . . . . Seal Access 1 | . . . . . 1 . . . . . Unauthorized Hacks 8 | . 3 . . . 5 . . . . . Terminals 8 | . 3 . . . 5 . . . . . Botnet 6 | . 2 . . . 4 . . . . . Operators 2 | . 1 . . . 1 . . . . . Fabricators . | . . . . . . . . . . . Repair Stations . | . . . . . . . . . . . Recycling Units . | . . . . . . . . . . . Scanalyzers . | . . . . . . . . . . . Garrison Access . | . . . . . . . . . . . Data Cores Recovered . | . . . . . . . . . . . Used . | . . . . . . . . . . . Hacking Detections 11 | . 2 . . . 5 4 . . . . Full Trace Events 6 | . 2 . . . 3 1 . . . . Feedback Events . | . . . . . . . . . . . Feedback Blocked . | . . . . . . . . . . . Robot Schematics Acquired . | . . . . . . . . . . . Robots Built . | . . . . . . . . . . . Authchips . | . . . . . . . . . . . Time 134 | . . . . . . 134 . . . . Total Robot Build Rating . | . . . . . . . . . . . Part Schematics Acquired 1 | . . . . . . 1 . . . . Parts Built 1 | . . . . . . 1 . . . . Authchips . | . . . . . . . . . . . Time 204 | . . . . . . 204 . . . . Total Part Build Rating 8 | . . . . . . 8 . . . . Parts Repaired . | . . . . . . . . . . . Time . | . . . . . . . . . . . Parts Recycled . | . . . . . . . . . . . Recycled Matter . | . . . . . . . . . . . Retrieved Matter . | . . . . . . . . . . . Retrieved Components . | . . . . . . . . . . . Parts Scanalyzed 1 | . . . . . 1 . . . . . Part Schematics Acquired 1 | . . . . . . 1 . . . . Parts Damaged . | . . . . . . . . . . . Bothacking | -11 -10 -10 -10 -9 -8 -7 -7 -7 -7 -7 ------------ Run | Jun Mat Min Exi Min Mat Fac Low Low Zio Dee Used RIF Installer . | . . . . . . . . . . . Robots Hacked . | . . . . . . . . . . . Non-combat . | . . . . . . . . . . . Combat . | . . . . . . . . . . . Robot Hacks Applied . | . . . . . . . . . . . Relay Couplers Released . | . . . . . . . . . . . Fabnet Peak Effective % . | . . . . . . . . . . . Robots Rewired . | . . . . . . . . . . . Allies Hacked . | . . . . . . . . . . . Hacks Repelled . | . . . . . . . . . . . Allies | -11 -10 -10 -10 -9 -8 -7 -7 -7 -7 -7 -------- Run | Jun Mat Min Exi Min Mat Fac Low Low Zio Dee Total Allies 2 | . . 2 . . . . . . . . Largest Group 2 | . . 2 . . . . . . . . Highest-Rated Group 38 | . . 38 . . . . . . . . Highest-Rated Ally 31 | . . 31 . . . . . . . . Total Orders . | . . . . . . . . . . . Ally Attacks . | . . . . . . . . . . . Total Damage . | . . . . . . . . . . . Kills . | . . . . . . . . . . . Allies Corrupted . | . . . . . . . . . . . Allies Melted . | . . . . . . . . . . . Intel | -11 -10 -10 -10 -9 -8 -7 -7 -7 -7 -7 ------- Run | Jun Mat Min Exi Min Mat Fac Low Low Zio Dee Robot Analysis Total . | . . . . . . . . . . . Derelict Logs Recovered 4 | . . 1 . 1 . . 1 1 . . Drone Launches . | . . . . . . . . . . . Drone Recoveries . | . . . . . . . . . . . Exploration | -11 -10 -10 -10 -9 -8 -7 -7 -7 -7 -7 ------------- Run | Jun Mat Min Exi Min Mat Fac Low Low Zio Dee Turns Passed 3370 | 65 219 173 210 115 285 397 135 154 526 1091 Spaces Moved 6361 | 92 340 398 568 279 705 937 334 431 1363 914 Core 202 | 92 110 . . . . . . . . . Treads . | . . . . . . . . . . . Legs 297 | . . . . . . . . . . 297 Wheels . | . . . . . . . . . . . Hover 436 | . . . . . . . . . . 436 Flight 5426 | . 230 398 568 279 705 937 334 431 1363 181 Fastest Speed 26 | 50 37 37 37 37 29 26 32 32 32 35 Average Speed 43 | 50 41 38 37 37 29 31 32 32 34 101 Slowest Speed 210 | 50 50 117 37 37 37 32 32 32 35 210 Overloaded Moves . | . . . . . . . . . . . Propulsion Burnouts . | . . . . . . . . . . . Robots Hopped 46 | . 4 5 . 1 15 21 . . . . Cave-ins Triggered 1 | . . . . . . . . . . 1 Exploration Rate (%) 59 | 4 57 81 91 65 55 16 56 59 88 77 Regions Visited 10 Branch Regions 7 Pre-discovered Areas 4 | . . 2 . . . . . . 2 . Known Exits Taken 2 | . . . . . 1 1 . . . . Unknown Exits Taken 8 | 1 1 1 1 1 . . 1 1 1 . Scrap Searched 10 | . . 1 . 1 . . 2 2 4 . Spaces Dug 32 | . . 26 . . . 5 1 . . . Terrain Destroyed 143 | . 9 26 . 18 15 5 1 . 20 49 Melee 6 | . . . . . . 5 1 . . . Projectile 4 | . . . . . . . . . . 4 AOE 133 | . 9 26 . 18 15 . . . 20 45 Terrain Rammed . | . . . . . . . . . . . Walls Destroyed . | . . . . . . . . . . . Machines Disabled . | . . . . . . . . . . . Actions | -11 -10 -10 -10 -9 -8 -7 -7 -7 -7 -7 --------- Run | Jun Mat Min Exi Min Mat Fac Low Low Zio Dee Total 6727 | 105 380 406 567 289 759 1000 351 441 1401 1028 Wait 103 | . . 4 . . 24 40 4 3 2 26 Move 6266 | 91 331 387 567 276 676 899 333 430 1362 914 Hop 39 | . 4 5 . 1 13 16 . . . . Pick Up 44 | 3 5 2 . 1 7 10 . 1 8 7 Fast Attach 37 | 4 3 . . . 6 2 3 . 3 16 Attach 16 | . 1 . . 2 4 6 . . . 3 Detach 11 | 1 . . . 2 4 2 . . . 2 Swap 35 | . 2 4 . 1 9 5 1 1 5 7 Drop 56 | 2 2 . . 4 9 6 4 2 11 16 Fire 81 | 4 32 4 . 2 7 2 . . 5 25 Melee 39 | . . . . . . 12 6 4 5 12 Ram . | . . . . . . . . . . . Kick . | . . . . . . . . . . . Crush . | . . . . . . . . . . . Escape Stasis . | . . . . . . . . . . . Rewire . | . . . . . . . . . . . Trap . | . . . . . . . . . . . Miscellaneous . | . . . . . . . . . . . Route ------- -11/Junkyard -10/Materials (discovered 2 exits: [*Mat] / [*Min]) -10/Mines (discovered 2 exits: [*Mat] / *Exi) -10/Exiles (discovered 2 exits: [*Min x2]) -9/Mines -8/Materials -7/Factory (discovered 4 exits: [*Fac] / Sto / *Low x2) -7/Lower Caves -7/Lower Caves (discovered 2 exits: [*Fac] / *Zio) -7/Zion (discovered 2 exits: [*Dee] / [*Pro]) -7/Deep Caves History --------- Turn | Location | Event 18 | -11/Junkyard | Discovered new exit (range 15) 66 | -11/Junkyard | Entered Materials 103 | -10/Materials | Discovered new exit (range 8) 160 | -10/Materials | Discovered new exit (range 8) 175 | -10/Materials | Destroyed 7 combat bots 285 | -10/Materials | Entered Mines 309 | -10/Mines | Found a damaged Exp. Sensor Array with a note attached 309 | -10/Mines | Found Prototype Device 317 | -10/Mines | Discovered new exit (range 12) 319 | -10/Mines | Learned location of Storage (-7) 321 | -10/Mines | Build established: Mutant 355 | -10/Mines | Met a Derelict bent on vengeance 432 | -10/Mines | Learned location of Zion (-7) 456 | -10/Mines | Deemed a non-threat by the Exiles lab entrance 456 | -10/Mines | Discovered new exit (range 6) 458 | -10/Mines | Entered Exiles 458 | -10/Exiles | Found Exiles lab abandoned 614 | -10/Exiles | Discovered new exit (range 15) 665 | -10/Exiles | Discovered new exit (range 12) 668 | -10/Exiles | Entered Mines 737 | -9/Mines | Learned location of 1 exit from Materials 738 | -9/Mines | Discovered new exit (range 12) 761 | -9/Mines | Identified Exp. Sensor Array 783 | -9/Mines | Entered Materials 783 | -8/Materials | Evolved 4 slots: Propulsion x1, Utility x3 784 | -8/Materials | Identified exit to Factory 1064 | -8/Materials | Build established: Sprinter 1068 | -8/Materials | Entered Factory 1068 | -7/Factory | Evolved 2 slots: Propulsion x1, Utility x1 1077 | -7/Factory | Discovered new exit (range 10) 1157 | -7/Factory | Identified exit to Storage 1157 | -7/Factory | Identified exit to Lower Caves 1300 | -7/Factory | Lost 3 parts (3n) 1355 | -7/Factory | Fabricated Exp. Sensor Array? 1401 | -7/Factory | Build established: Hacker-Sprinter 1465 | -7/Factory | Entered Lower Caves 1542 | -7/Lower Caves | Encountered a Warlord checkpoint 1581 | -7/Lower Caves | Discovered new exit (range 13) 1586 | -7/Lower Caves | Learned Factory trap positions 1600 | -7/Lower Caves | Entered another Lower Caves area 1616 | -7/Lower Caves | Discovered new exit (range 9) 1715 | -7/Lower Caves | Discovered new exit (range 13) 1719 | -7/Lower Caves | Encountered a Warlord checkpoint 1724 | -7/Lower Caves | Learned 12 Factory zone layouts 1754 | -7/Lower Caves | Entered Zion 1775 | -7/Zion | Found Prototype Device 1787 | -7/Zion | Discovered new exit (range 12) 1832 | -7/Zion | Learned location of Warlord (-4) 1837 | -7/Zion | Found Prototype Special Weapon 1837 | -7/Zion | Identified RU-N14's Throwing Claymores 1840 | -7/Zion | Found RU-N14's Throwing Claymores 1844 | -7/Zion | Found RU-N14's Throwing Claymores 1845 | -7/Zion | Found RU-N14's Throwing Claymores 1869 | -7/Zion | Found CR-A16's Pointy Stick 1892 | -7/Zion | Received a visual enhancement algorithm 1957 | -7/Zion | Learned location of Recycling (-7) 2032 | -7/Zion | Given the Hacking Drone Bay 2085 | -7/Zion | Build established: Hacker-Mutant 2264 | -7/Zion | Discovered new exit (range 5) 2264 | -7/Zion | Saw the warning signs outside the Deep Caves entrance 2273 | -7/Zion | Attacked by Zionites 2280 | -7/Zion | Entered Deep Caves 2313 | -7/Deep Caves | Attacked by Z-Imprinter 2324 | -7/Deep Caves | Destroyed Z-Imprinter 2580 | -7/Deep Caves | Core integrity fell below 50% 2945 | -7/Deep Caves | Found Prototype Protection 2945 | -7/Deep Caves | Identified Zio. Weapon Casing 3210 | -7/Deep Caves | Crushed by falling debris 3280 | -7/Deep Caves | Build established: Scavenger-Mutant 3347 | -7/Deep Caves | Spotted as-21312 3363 | -7/Deep Caves | Core integrity fell below 20% 3371 | -7/Deep Caves | Destroyed by as-21312 with Assembled Focal Cannon Last Messages --------------- 03240_ System corrupted: Matter fused (-5). 03267_ System corrupted: Matter fused (-9). 03284_ Dropped Zio. Light DM Reactor. 03285_ Acquired Ripper. 03286_ Acquired 28 matter. 03293_ V J853NCMZI1NK07PXT1MHVTSNJOWSW 03315_ %PRE0P8=:QXZ%JHJZED6 03344_ System corrupted: IFF burst signal emitted. 03351_ as-21312: "DSI9AT1D G8OHIBQ29FWG 26R186 QD12WHW8W33 TDK1 81FTS" 03351_ ZV-DGW(b) destroyed. 03352_ Zio. Glidesys I destroyed. 03355_ Adv. Weight Redist. System destroyed. 03358_ Imp. Reaction Control System destroyed. 03359_ Destroyed Prototype Device. 03360_ as-21312 GOLEM Unit beginning Prototype Device integration. 03362_ Zio. Composite Leg I destroyed. 03362_ Phase Shifter destroyed. 03363_ Destroyed Prototype Device. 03367_ QTL#:BYWMFOTW8QBXRGGACG 2CX|S#J:D4NZ| 03367_ RU-N14's Throwing Claymores expended. Map ----- +----------------------------------------------------+ | ???????????????????????????????????????????????? | | ?????????????????????????????????? ?????????? | | ???????????????????????? ?????? ?????????? | | ????????????????????? ???? ?????????? | | ??????????????????? = = #???? ?????????? | | ???????????????? ##??? ?????????# | | ?????????????? = h #???# ????????## | | ??????????? | #??## ????????# | | ????????? | #??# ????????# | | ????????? * M #??# ?????????# | | ?????????" #??# ?????????? | | ?????????" g #???# #?????????? | | ?????????" * #????# #?????????? | | ?????????" ! ! ##???# #?????????? | | ????????"" * * #???# ##???###### | | ????????# * g! #???# ##?## # | | ????????" ! l #????# ### | | ????????" * ####### | | ????????" G * | | ????????""" ! b * ### | | ????????" ###?? | | ????????"" ### ##???? | | ????????" ## ##????? | | ?????????" ### #?????? | | ????????" ; # #?## ##?????? | | ????????" #### "#@## ##??### ###??????? | | ????????""" ?????# ## ####?????######????????? | | ?????????" ????????##?# #??????????????????????? | | ???????????????????????#???????????????????????? | | | | | | | | | | | | | | | | | | | | | | | | | | | | | | | | | | | | | | | | | | | +----------------------------------------------------+ Best States ------------- Heat Dissipation 34 Energy Generation 27 Energy Capacity 700 Matter Stores 300 Matter Capacity 300 Sight Range 20 Robot Scan Range 20 Terrain Scan Density 10 Additional Mass Support 9 Weapon Shielding 100 Evasion (%) 64 Force Boost 20 Offensive Hacking 11 Defensive Hacking 10 Item Schematics ----------------- Exp. Sensor Array | -7/Factory | Scanalyzed Robot Schematics ------------------ None Fabricated ------------ Exp. Sensor Array | x1 | -7/Factory Alien Tech Used ----------------- None Achievements -------------- None Challenges ------------ None Game ------ Seed TrackerUtilityMediator Manual? 0 Play Time 01:16:52 Cumulative 134.3 hours Start 2023.05.22 @ 20:54:51 End 2023.05.22 @ 22:29:54 Sessions 3 Manual Loads 0 Difficulty Rogue Special Mode None Game No. 124 Rogue 124 Adventurer 0 Explorer 0 Win Type - Total 1 Types 1/0/0/0/0/0/0/0/0 Lore% 41 Gallery% 57 Achievement% 47 Wizard Run 0 Options --------- ASCII 0 Keyboard 0 Movement Numpad Keybinds 0 Fullscreen 1 Font 18/SmallcapsGlow Map View 76x50 Tactical HUD 1 Map Filters NONE Filters NONE Steam 1 RUN: 0d679473-2b62-4bad-a4ca-b6bd8495aa82